Map: Whitewater Line LE

Players

petdeadsnake - Winner!

  • Race: Protoss Protoss
  • League: Diamond
  • Spawn Location: 1:00

Freak - Winner!

  • Race: Terran Terran
  • League: Master
  • Spawn Location: 12:00

Pit - Winner!

  • Race: Terran Terran
  • Spawn Location: 1:00

Soulder

  • Race: Terran Terran
  • Spawn Location: 6:00

MarineEleven

  • Race: Zerg Zerg
  • Spawn Location: 7:00

Urza

  • Race: Protoss Protoss
  • Spawn Location: 7:00

VOD

Have the link to the VOD?

Description

Epic hold in 3v3 againts triple master

Time

  • Played on: Dec. 14, 2019, 10:50 p.m.
  • Length: 9:09
Show
View Real Time Build Order
Export as new Build Order

petdeadsnake Protoss - Winner!

Build Orders:  

Get SALT Encoding   

  12  0:01  Probe  
  13  0:13  Probe  
  14  0:19  Pylon  
  14  0:25  Probe  
  15  0:37  Probe (Chrono Boost)  
  15  0:39  Gateway  
  16  0:46  Probe (Chrono Boost)  
  16  0:49  Assimilator  
  17  0:53  Probe  
  18  1:06  Probe (Chrono Boost)  
  19  1:18  Probe (Chrono Boost)  
  20  1:25  Probe (Chrono Boost)  
  21  1:30  Cybernetics Core  
  21  1:32  Probe  
  22  1:43  Gateway  
  22  1:46  Pylon  
  22  2:03  Nexus  
  22  2:07  Stalker (Chrono Boost)  
  22  2:14  Warp Gate  
  24  2:22  Shield Battery  
  24  2:30  Stalker  
  26  2:37  Stalker  
  26  2:46  Assimilator  
  26  2:53  Shield Battery  
  26  2:59  Gateway  
  26  3:05  Stalker (Chrono Boost)  
  28  3:17  Stalker (Chrono Boost)  
  30  3:26  Pylon  
  30  3:41  Shield Battery  
  30  4:03  Stalker x3  
  34  4:27  Stalker  
  34  4:28  Stalker  
  38  4:35  Cybernetics Core  
  38  4:49  Stalker  
  40  4:55  Probe  
  41  5:17  Twilight Council  
  39  5:22  Stalker x2  
  39  5:25  Probe x2  
  45  5:38  Stalker  
  45  5:42  Probe  
  43  6:05  Nexus  
  43  6:13  Blink (Chrono Boost)  
  43  6:20  Pylon  
  43  6:23  Pylon  
  41  6:38  Probe  
  42  6:47  Stalker x3  
  42  6:50  Probe  
  49  7:02  Probe  
  50  7:14  Probe  
  51  7:15  Gateway  
  51  7:26  Probe  
  52  7:36  Stalker x3  
  56  7:39  Probe  
  56  7:42  Probe  
  58  7:59  Probe  
  58  8:00  Forge  
  58  8:02  Gateway  
  59  8:08  Stalker  
  59  8:09  Stalker  
  59  8:10  Probe  
  64  8:14  Probe  
  65  8:23  Stalker x2  
  65  8:24  Probe  
  70  8:30  Pylon  
  70  8:39  Photon Cannon  
  70  8:48  Photon Cannon  
  70  8:49  Probe  
  71  8:58  Stalker  
  71  8:59  Stalker  
Show
View Real Time Build Order
Export as new Build Order

Freak Terran - Winner!

Build Orders:  

Get SALT Encoding   

  12  0:01  SCV  
  13  0:13  SCV  
  14  0:18  Supply Depot  
  14  0:25  SCV  
  15  0:40  SCV  
  16  0:42  Barracks  
  16  0:46  Refinery  
  16  0:55  SCV  
  17  1:00  Barracks  
  17  1:07  SCV  
  18  1:27  SCV  
  19  1:34  Refinery  
  19  1:36  Marine  
  19  1:39  Supply Depot  
  20  1:43  Bunker  
  20  1:47  Marine  
  21  2:06  Supply Depot, Orbital Command  
  21  2:26  Barracks Tech Lab  
  21  2:32  Barracks  
  21  2:33  SCV  
  22  2:40  Factory  
  24  2:51  Marine  
  23  3:01  Supply Depot  
  23  3:03  SCV  
  24  3:11  Marine  
  24  3:15  SCV  
  25  3:22  Marine  
  24  3:49  Marine  
  24  3:50  Marine  
  24  3:51  Factory Tech Lab  
  26  3:57  SCV  
  27  4:09  Bunker  
  26  4:17  Marine  
  26  4:18  Marine  
  27  4:24  Siege Tank  
  30  4:32  SCV  
  30  4:35  Supply Depot  
  31  4:49  Supply Depot  
  31  4:50  Barracks Tech Lab  
  31  4:51  SCV  
  30  4:57  Barracks Reactor  
  28  5:01  Siege Tank  
  28  5:03  SCV  
  30  5:09  Marine  
  15  5:25  SCV  
  16  5:44  Siege Tank  
  16  5:47  Marine  
  16  5:49  Stimpack, Marine  
  20  5:50  Marine  
  20  5:51  SCV  
  23  6:03  SCV  
  24  6:18  Siege Tank  
  24  6:20  Marine x3  
  24  6:22  SCV  
  31  6:33  Command Center  
  31  6:34  SCV  
  30  6:54  Marine  
  30  6:56  Marine x2  
  30  6:57  Siege Tank  
  36  7:12  SCV  
  37  7:24  SCV  
  37  7:32  Siege Tank  
  37  7:33  Marine x3  
  37  7:48  Orbital Command  
  37  7:49  SCV  
  37  7:50  Marine  
  37  7:51  Marine x2  
  41  7:55  Factory  
  41  8:01  SCV  
  42  8:12  Starport  
  41  8:14  SCV x2  
  41  8:19  Marine  
  40  8:20  Marine x2  
  40  8:26  SCV  
  44  8:34  Cyclone  
  47  8:37  Marine x2  
  47  8:38  Marine  
Show
View Real Time Build Order
Export as new Build Order

Pit Terran - Winner!

Build Orders:  

Get SALT Encoding   

  12  0:00  SCV  
  13  0:13  SCV  
  14  0:17  Supply Depot  
  14  0:25  SCV  
  15  0:39  SCV  
  15  0:41  Barracks  
  16  0:45  Refinery  
  16  0:51  SCV  
  17  1:03  SCV  
  18  1:15  SCV  
  19  1:30  Orbital Command  
  20  1:36  Marine  
  20  1:48  Command Center  
  20  1:55  Marine  
  21  2:08  SCV  
  22  2:25  Barracks Reactor  
  22  2:29  Barracks  
  21  2:30  Refinery  
  21  2:31  Factory  
  20  2:40  SCV  
  20  2:44  Supply Depot  
  21  2:45  Barracks Reactor  
  21  2:52  SCV  
  22  3:02  Supply Depot  
  22  3:04  SCV  
  23  3:06  Orbital Command  
  22  3:17  Marine  
  21  3:23  Factory Tech Lab  
  21  3:29  Marine  
  22  3:35  Marine  
  22  3:36  Marine  
  23  3:48  Siege Tank  
  23  3:50  Marine  
  27  4:03  Marine  
  21  4:20  Marine  
  18  4:25  Siege Tank  
  21  4:34  SCV  
  22  4:39  Barracks x2  
  22  4:41  Barracks Tech Lab  
  22  4:43  SCV  
  23  4:47  SCV  
  24  5:07  Marine  
  24  5:09  Stimpack  
  24  5:11  Starport, SCV x2  
  27  5:23  SCV  
  27  5:25  Marine  
  29  5:41  SCV x2  
  31  5:51  Starport Reactor  
  31  5:53  SCV x2  
  31  5:55  Barracks Reactor  
  33  6:01  Supply Depot  
  33  6:03  Supply Depot  
  33  6:05  SCV  
  33  6:09  Marine x2  
  33  6:10  Marine, Orbital Command  
  37  6:21  Engineering Bay  
  37  6:22  SCV  
  37  6:23  Engineering Bay  
  38  6:26  Siege Tank  
  38  6:27  Marine x2  
  38  6:28  Marine  
  44  6:34  SCV  
  44  6:36  SCV  
  46  6:46  SCV  
  47  6:51  Marine x4  
  47  6:52  Medivac, Marine  
  54  6:58  SCV  
  54  6:59  SCV  
  56  7:01  Terran Infantry Armor Level 1  
  56  7:10  SCV  
  56  7:11  SCV  
  56  7:15  Marine x4  
  62  7:26  Supply Depot  
  62  7:27  Supply Depot  
  62  7:35  Marine  
  62  7:36  Marine  
  62  7:38  Marine  
  62  7:41  Combat Shield  
  62  7:47  Marine x2  
  62  7:48  Refinery, Siege Tank, SCV x2  
  62  7:49  Refinery  
  62  7:51  Supply Depot  
  69  7:53  Marine  
  69  7:54  Marine  
  69  7:58  Medivac  
  73  8:00  SCV  
  73  8:01  Supply Depot  
  73  8:05  Supply Depot, Marine, SCV  
  75  8:08  Marine  
  66  8:29  Marine x3  
  66  8:30  Marine x2  
  66  8:31  Siege Tank  
  71  8:47  Marine  
  71  8:48  Marine x4  
Show
View Real Time Build Order
Export as new Build Order

Soulder Terran 

Build Orders:  

Get SALT Encoding   

  12  0:03  SCV  
  13  0:16  SCV  
  13  0:19  Supply Depot  
  14  0:28  SCV  
  16  0:42  SCV  
  16  0:45  Barracks  
  16  0:56  SCV  
  17  1:08  Barracks  
  17  1:17  Barracks  
  17  1:27  Barracks  
  17  1:33  Marine  
  17  1:38  SCV  
  19  1:45  Supply Depot  
  19  1:51  SCV  
  19  1:52  Marine  
  21  2:01  Marine  
  22  2:10  Marine x2  
  24  2:19  Marine  
  24  2:20  Barracks  
  25  2:27  Supply Depot, Marine  
  26  2:41  Marine x3  
  29  2:54  Barracks  
  29  3:02  Barracks  
  28  3:15  Marine  
  28  3:16  Marine x2  
  27  3:28  Marine  
  27  3:29  Marine  
  27  3:33  Marine  
  29  3:35  Marine x2  
  31  3:46  Marine x2  
  33  3:49  Bunker  
  33  3:50  Marine x2  
  33  3:51  Marine  
  33  3:54  Marine  
  34  4:01  Bunker  
  33  4:02  Marine  
  32  4:35  Marine  
  32  4:36  Marine x5  
  32  4:37  Marine  
  32  4:53  Marine x2  
  32  4:54  Marine x2  
  32  4:59  Marine x2  
  37  5:00  Marine  
  38  5:11  Marine x3  
  39  5:16  Marine  
  35  5:33  Marine x3  
  35  5:34  Marine  
  32  5:51  Marine x4  
  36  6:09  Marine x2  
  39  6:11  Marine  
  39  6:12  Orbital Command  
  39  6:15  Refinery x2  
  31  6:48  Marine  
  28  7:07  Barracks Tech Lab  
  28  7:16  SCV  
  28  7:34  Barracks Tech Lab  
  28  7:35  Marine  
  28  7:53  Barracks Tech Lab  
  28  7:55  SCV  
  28  7:57  Barracks Tech Lab  
  29  8:03  Supply Depot, Barracks Tech Lab  
  29  8:05  Supply Depot, Concussive Shells  
  29  8:06  Marauder  
  31  8:24  Marauder x3, SCV  
  40  8:27  Marauder, Supply Depot  
  40  8:28  Supply Depot  
  40  8:30  Marauder  
  42  8:36  SCV  
  43  8:46  Marauder x2  
  47  8:49  SCV  
Show
View Real Time Build Order
Export as new Build Order

MarineEleven Zerg 

Build Orders: Hatch First 

Get SALT Encoding   

  12  0:01  Drone  
  13  0:10  Drone  
  14  0:17  Overlord  
  14  0:37  Drone  
  15  0:51  Hatchery  
  14  1:01  Spawning Pool  
  13  1:04  Drone  
  13  1:09  Drone  
  15  1:13  Extractor  
  15  1:14  Drone  
  15  1:21  Drone  
  16  1:48  Zergling x6  
  16  1:51  Queen  
  21  2:04  Queen  
  21  2:06  Drone  
  21  2:07  Overlord  
  24  2:15  Metabolic Boost  
  24  2:35  Zergling x6  
  24  2:37  Drone x2  
  28  2:38  Zergling x2  
  30  2:51  Zergling x2  
  31  3:07  Zergling x2  
  31  3:08  Zergling x8  
  31  3:11  Overlord  
  34  3:25  Zergling x4  
  35  3:29  Overlord  
  35  3:30  Zergling x4  
  34  3:56  Zergling x6  
  34  4:04  Zergling x2  
  34  4:10  Zergling x2  
  34  4:11  Zergling x12  
  34  4:15  Zergling x2  
  39  4:22  Lair  
  35  4:29  Zergling x2  
  35  4:30  Zergling x2  
  36  4:53  Zergling x2  
  36  4:54  Zergling x10  
  36  4:55  Zergling x2  
  41  5:08  Zergling x6  
  41  5:17  Zergling x4  
  36  5:21  Drone  
  37  5:33  Drone x2  
  38  5:37  Hydralisk Den  
  37  5:44  Overlord x3  
  29  6:02  Drone  
  27  6:04  Extractor  
  27  6:05  Hydralisk x2  
  27  6:06  Hydralisk x2  
  34  6:19  Drone  
  34  6:20  Drone  
  36  6:26  Overlord x2  
  36  6:38  Overlord x2  
  36  6:52  Zergling x2  
  36  6:53  Zergling x10  
  42  7:00  Drone  
  42  7:01  Drone x2  
  45  7:08  Overlord  
  45  7:10  Drone x2  
  47  7:33  Hydralisk x2  
  47  7:34  Zergling x2  
  47  7:35  Zergling x8  
  43  7:42  Zergling x2  
  43  7:43  Zergling x6  
  45  8:18  Overlord  
  45  8:19  Overlord  
Show
View Real Time Build Order
Export as new Build Order

Urza Protoss 

Build Orders: Cannon Rush 

Get SALT Encoding   

  12  0:02  Probe (Chrono Boost)  
  13  0:12  Probe (Chrono Boost)  
  14  0:17  Probe (Chrono Boost)  
  15  0:22  Pylon  
  15  0:40  Probe  
  15  0:41  Forge  
  16  0:52  Probe  
  17  1:04  Probe  
  17  1:08  Pylon  
  18  1:32  Photon Cannon  
  17  1:33  Photon Cannon  
  17  1:34  Photon Cannon  
  17  1:35  Pylon  
  17  1:43  Pylon  
  16  2:02  Probe  
  17  2:41  Probe (Chrono Boost)  
  17  2:44  Photon Cannon  
  18  2:46  Assimilator  
  18  2:50  Gateway  
  19  2:51  Probe (Chrono Boost)  
  19  2:52  Pylon  
  19  2:56  Probe (Chrono Boost)  
  20  3:00  Assimilator  
  20  3:08  Probe  
  20  3:12  Photon Cannon  
  21  3:14  Photon Cannon  
  21  3:16  Photon Cannon  
  21  3:17  Pylon  
  20  3:20  Probe  
  21  3:41  Probe (Chrono Boost)  
  22  3:51  Cybernetics Core, Probe (Chrono Boost)  
  23  3:56  Probe (Chrono Boost)  
  24  4:24  Nexus  
  24  4:26  Pylon  
  24  4:29  Pylon  
  24  4:58  Probe (Chrono Boost)  
  25  5:04  Stargate  
  26  5:07  Stargate  
  26  5:08  Probe (Chrono Boost)  
  26  5:12  Stargate  
  26  5:13  Photon Cannon, Probe (Chrono Boost)  
  27  5:24  Probe  
  28  5:37  Probe (Chrono Boost)  
  28  5:41  Probe (Chrono Boost)  
  30  5:49  Probe (Chrono Boost)  
  32  5:51  Protoss Air Weapons Level 1, Probe (Chrono Boost)  
  32  5:55  Probe (Chrono Boost)  
  33  5:57  Probe (Chrono Boost)  
  33  6:03  Probe  
  35  6:05  Void Ray  
  35  6:07  Probe  
  35  6:10  Assimilator  
  40  6:13  Assimilator  
  40  6:18  Probe (Chrono Boost)  
  41  6:19  Probe (Chrono Boost)  
  42  6:30  Probe (Chrono Boost)  
  42  6:31  Probe (Chrono Boost)  
  48  6:33  Void Ray (Chrono Boost)  
  48  6:34  Probe (Chrono Boost)  
  49  6:44  Void Ray (Chrono Boost)  
  49  6:46  Probe  
  54  7:09  Pylon  
  54  7:11  Photon Cannon  
  54  7:13  Photon Cannon  
  54  7:14  Pylon, Shield Battery  
  54  7:19  Nexus  
  54  7:21  Pylon  
  54  7:27  Probe  
  51  7:39  Probe  
  51  7:41  Void Ray x2 (Chrono Boost)  
  56  7:55  Void Ray (Chrono Boost)  
  56  8:17  Void Ray x2  
  44  8:37  Probe (Chrono Boost)  
  40  8:47  Probe (Chrono Boost)  
  41  8:52  Probe (Chrono Boost)  
Tags
 
Add a new tag
Caveats
  • Supply blocks, unpowered buildings, or Contaminate may cause inaccurate times.
  • Supply counts are checked every 10 seconds.